 Dungeon Crawl Stone Soup version 0.21.0-3-g78d12a8 (webtiles) character file.

289 Megalobster the Poker (level 6, -6/48 HPs)
             Began as a Merfolk Gladiator on Jan 13, 2018.
             Killed from afar by an orc wizard (10 damage)
             ... with a magic dart
             ... on level 4 of the Dungeon.
             The game lasted 00:19:10 (4087 turns).

Megalobster the Poker (Merfolk Gladiator)           Turns: 4087, Time: 00:19:11

Health: -6/48      AC:  7    Str: 14    XL:     6   Next: 31%
Magic:  6/6        EV: 15    Int:  8    God:
Gold:   172        SH:  0    Dex: 17    Spells: 5/5 levels left

rFire    . . .     SeeInvis +   a - +0 trident
rCold    . . .     Gourm    .   (no shield)
rNeg     . . .     Faith    .   m - +1 leather armour {MR+}
rPois    .         Spirit   .   t - +0 helmet
rElec    .         Reflect  .   g - +0 cloak
rCorr    .         Harm     .   l - +0 pair of gloves
MR       +....                  (no boots)
Stlth    +.........             (no amulet)
HPRegen  0.16/turn              k - ring of see invisible
MPRegen  0.10/turn              (no ring)

@: no status effects
A: change form in water, swift swim, stealthy swim
a: no special abilities


You were on level 4 of the Dungeon.
You were not hungry.

You visited 1 branch of the dungeon, and saw 4 of its levels.

You collected 172 gold pieces.

Inventory:

Hand Weapons
 a - a +0 trident (weapon)
Missiles
 d - 3 throwing nets (quivered) {!f}
 s - 54 stones
Armour
 b - a +0 leather armour
 c - a +0 helmet
 g - a +0 cloak (worn)
 l - a +0 pair of gloves (worn)
 m - a +1 leather armour of magic resistance (worn)
 t - a +0 helmet (worn)
 x - a +0 chain mail
Jewellery
 k - a ring of see invisible (left hand)
Scrolls
 h - 2 scrolls of identify {unknown}
 n - 2 scrolls of noise {unknown}
 p - a scroll of remove curse {unknown}
 w - a scroll of teleportation {unknown}
 y - a scroll of magic mapping {unknown}
 A - a scroll of enchant weapon {unknown}
 B - 2 scrolls of fog {unknown}
Potions
 e - 4 potions of lignification {unknown}
 i - a potion of agility {unknown}
 j - a potion of curing {@q1}
 q - a potion of flight {unknown}
 r - a potion of might {unknown}
 u - a potion of degeneration {unknown}
 v - a potion of invisibility {unknown}
Books
 o - a book of Necromancy

   Spells                             Type                      Level
   a - Pain                           Necromancy                   1
   b - Animate Skeleton               Necromancy                   1
   c - Vampiric Draining              Necromancy                   3
   d - Regeneration                   Charms/Necromancy            3
   e - Animate Dead                   Necromancy                   4
   f - Borgnjor's Vile Clutch         Necromancy/Earth             5
Comestibles
 f - 5 rations
 z - 5 chunks of flesh


   Skills:
 + Level 3.7 Fighting
 * Level 7.1 Polearms
 - Level 2.0 Throwing
 - Level 1.4 Armour
 * Level 5.6 Dodging


You had 5 spell levels left.
You didn't know any spells.

Dungeon Overview and Level Annotations

Branches:
Dungeon (4/15)
 Temple: D:4-7

Altars:
Kikubaaqudgha
Qazlal
Sif Muna
Trog
Uskayaw
Vehumet
The Shining One

Annotations:
D:4 skk's ghost, amateur TrEE


Message History

Evoke which item? (* to show all) (? for menu, Esc to quit)
Attack whom?
Press: ? - help, Dir - move target cursor, f - you That would be overly suicidal.
Okay, then.
The orc wizard gestures at you while chanting.
The magic dart hits you!
* * * LOW HITPOINT WARNING * * *
You take 6 damage, and have 11/48 hp.
You closely miss the orc wizard.
The orc wizard is almost dead.
The orc wizard casts a spell at you. The magic dart hits you!
* * * LOW HITPOINT WARNING * * *
You take 7 damage, and have 4/48 hp.
You closely miss the orc wizard.
The orc wizard is almost dead.
The orc wizard casts a spell at you. The magic dart hits you!
You die...

..o...........# #........
.o...###......# ##........
.o##
##.....#######......... #
##....................
##....................
###......####...........
.........#####...........
..........))........#.....
#####...o@)...............
#############.........
##.....##. ##....###
##....# # ##.....##
##.......# #.........##
...#####....#


You could see an orc wizard.

Vanquished Creatures
  Crazy Yiuf (D:2)
  An orc priest (D:4)
  An orc wizard (D:4)
  A worker ant (D:4)
  Robin (D:3)
  8 adders
  An adder skeleton (D:4)
  A worm (D:4)
  3 leopard geckos
  8 orcs
  5 bats
  4 giant cockroaches
  18 goblins
  7 hobgoblins
  7 jackals (D:2)
  4 kobolds
  A ball python (D:3)
  4 frilled lizards
  4 rats
80 creatures vanquished.

Notes
Turn   | Place    | Note
-------+----------+-------------------------------------------
     0 | D:1      | Megalobster the Merfolk Gladiator began the quest for the Orb.
     0 | D:1      | Reached XP level 1. HP: 16/16 MP: 1/1
   275 | D:1      | Reached XP level 2. HP: 23/23 MP: 2/2
   602 | D:1      | Reached skill level 5 in Polearms
   611 | D:1      | Reached XP level 3. HP: 18/28 MP: 3/3
  1403 | D:2      | Found a runed door.
  1407 | D:2      | Noticed Crazy Yiuf
  1419 | D:2      | Killed Crazy Yiuf
  1419 | D:2      | Reached skill level 1 in Armour
  1419 | D:2      | Reached XP level 4. HP: 10/34 MP: 4/4
  1816 | D:2      | Reached skill level 6 in Polearms
  2077 | D:3      | Reached XP level 5. HP: 36/41 MP: 5/5
  2463 | D:3      | Noticed Robin
  2478 | D:3      | Killed Robin
  2478 | D:3      | Reached skill level 5 in Dodging
  2972 | D:3      | Found a radiant altar of Vehumet.
  2974 | D:3      | Found a deep blue altar of Sif Muna.
  2974 | D:3      | Found an ancient bone altar of Kikubaaqudgha.
  2974 | D:3      | Found a glowing golden altar of the Shining One.
  2976 | D:3      | Found a hide-covered altar of Uskayaw.
  2977 | D:3      | Found a bloodstained altar of Trog.
  2978 | D:3      | Found a stormy altar of Qazlal.
  3318 | D:4      | Noticed skk's ghost (amateur TrEE)
  3331 | D:4      | HP: 1/41 [skk's ghost/blast of sand (6)]
  4054 | D:4      | Reached XP level 6. HP: 42/47 MP: 6/6
  4079 | D:4      | Reached skill level 7 in Polearms
  4087 | D:4      | Killed from afar by an orc wizard

Skill      XL: |  1  2  3  4  5  6 |
---------------+-------------------+-----
Polearms       | 5 6 7 |  7.1
Armour         | 1 |  1.4
Fighting       | 3 |  3.7
Dodging        | 5 |  5.6
Throwing       | |  2.0

Action                   |  1- 3 |  4- 6 || total
-------------------------+-------+-------++-------
Melee: Trident           |   111 |   212 ||   323
Throw: Throwing net      |     1 |       ||     1
 Stab: Sleeping          |     1 |     1 ||     2
       Held in net/web   |     1 |       ||     1
  Eat: Ration            |     1 |     1 ||     2
       Chunk             |       |     4 ||     4
Armor: Leather armour    |    34 |    36 ||    70
Dodge: Dodged            |   102 |   119 ||   221
